 Dungeon Sprint DCSS version 0.26-a0-1132-ge9770dfcb6 (webtiles) character file.

Game seed: 4513613872193635421

307 mhtbhm the Spear-Bearer (level 6, -10/55 HPs)
             Began as a Human Monk on Dec 20, 2020.
             Was a Believer of Okawaru.
             Mangled by a manticore (18 damage)
             ... in the Dungeon (Sprint IX: "|||||||||||||||||||||||||||||").
             The game lasted 00:01:15 (1040 turns).

mhtbhm the Spear-Bearer (Human Monk)                Turns: 1040, Time: 00:01:15

Health: -10/55     AC: 18    Str: 13    XL:     6   Next: 68%
Magic:  6/6        EV:  9    Int: 13    God:    Okawaru [**....]
Gold:   0          SH:  0    Dex: 19    Spells: 5/5 levels left

rFire    . . .     SeeInvis .   a - +2 halberd (protect)
rCold    . . .     Faith    .   (shield currently unavailable)
rNeg     . . .     Spirit   .   b - +1 chain mail
rPois    .         Reflect  .   (no helmet)
rElec    .         Harm     .   m - +0 cloak
rCorr    .         Rampage  .   l - +0 pair of gloves
Will     .....     NoTele   +   (no boots)
Stlth    ..........             (no amulet)
HPRegen  0.18/turn              n - +3 ring of dexterity
MPRegen  0.10/turn              o - +3 ring of intelligence

@: protection aura
A: no striking features
a: Renounce Religion, Heroism


You were in the Dungeon.
You worshipped Okawaru.
Okawaru was pleased with you.
You visited 1 branch

Inventory:

Hand Weapons
 a - a +2 halberd of protection (weapon)
Armour
 b - a +1 chain mail (worn)
 l - a +0 pair of gloves (worn)
 m - a +0 cloak (worn)
Jewellery
 n - a +3 ring of dexterity (left hand)
 o - a +3 ring of intelligence (right hand)
Wands
 k - a wand of iceblast (8)
Scrolls
 h - 2 scrolls of blinking
 i - 3 scrolls of remove curse
 j - 2 scrolls of amnesia
Potions
 c - 5 potions of curing
 d - 3 potions of heal wounds
 e - a potion of haste
 f - 4 potions of magic


   Skills:
 + Level 7.3 Fighting
 + Level 8.9 Polearms
 + Level 2.0 Armour
 + Level 6.4 Dodging
 + Level 4.8 Stealth
 + Level 0.2 Evocations


You had 5 spell levels left.
You didn't know any spells.
Your spell library was empty.

Dungeon Overview and Level Annotations

Branches:
Dungeon (1/1)

Altars:
Cheibriados
Dithmenos
Elyvilon
Fedhas
Gozag
Hepliaklqana
Kikubaaqudgha
Makhleb
Nemelex Xobeh
Okawaru
Qazlal
Ru
Sif Muna
Trog
Uskayaw
Vehumet
Wu Jian
Xom
Yredelemnul
Zin
The Shining One
Beogh
Jiyva
Lugonu


Message History

You are too injured to fight recklessly!
You are too injured to fight recklessly!
You are too injured to fight recklessly!
You are too injured to fight recklessly!
You are too injured to fight recklessly!
You hit the manticore but do no damage.
The manticore is almost dead.
The hound stops to sniff the ground.
The manticore bites you but does no damage.
The manticore claws you!
* * * LOW HITPOINT WARNING * * *
The manticore claws you but does no damage.
Press: ? - help, v - describe, . - travel
Here: a manticore (almost dead)
An open door, spattered with blood.
Unknown command.
You hit the manticore.
The manticore is almost dead.
The manticore bites you!!
You die...

▓.▓
▓.▓
▓'▓
▓)▓
▓)▓
▓)▓
▓.▓
▓.▓
▓@▓
▓H▓
▓B▓
▓9▓
▓.▓
▓h▓
▓.▓
▓.▓


You could see a manticore, a gargoyle, a hound and a worker ant.

Vanquished Creatures
  2 orc warriors (D)
  A big kobold (D)
  An orc wizard (D)
  A worker ant (D)
  An adder (D)
  A worm (D)
  2 dart slugs (D)
  2 orcs (D)
  A bat zombie (D)
  A giant cockroach (D)
  A goblin (D)
  A ball python (D)
  A ball python skeleton (D)
  A leopard gecko zombie (D)
17 creatures vanquished.

Notes
Turn   | Place    | Note
-------+----------+-------------------------------------------
     0 | D        | mhtbhm the Human Monk began the quest for the Orb.
     0 | D        | Reached XP level 1. HP: 18/18 MP: 1/1
    19 | D        | Reached XP level 2. HP: 16/24 MP: 2/2
   184 | D        | Reached skill level 4 in Polearms
   184 | D        | Reached XP level 3. HP: 31/31 MP: 3/3
   185 | D        | Reached skill level 5 in Polearms
   185 | D        | Reached XP level 4. HP: 38/38 MP: 4/4
   191 | D        | Reached skill level 5 in Fighting
   207 | D        | Reached skill level 5 in Dodging
   212 | D        | Found a roughly hewn altar of Beogh.
   212 | D        | Found a snail-covered altar of Cheibriados.
   212 | D        | Found a shadowy altar of Dithmenos.
   212 | D        | Found a white marble altar of Elyvilon.
   212 | D        | Found a blossoming altar of Fedhas.
   212 | D        | Found an opulent altar of Gozag.
   213 | D        | Found a hazy altar of Hepliaklqana.
   214 | D        | Found a viscous altar of Jiyva.
   215 | D        | Found an ancient bone altar of Kikubaaqudgha.
   216 | D        | Found a corrupted altar of Lugonu.
   217 | D        | Found a burning altar of Makhleb.
   218 | D        | Found a sparkling altar of Nemelex Xobeh.
   219 | D        | Found an iron altar of Okawaru.
   220 | D        | Found a stormy altar of Qazlal.
   221 | D        | Found a sacrificial altar of Ru.
   222 | D        | Found a shimmering blue altar of Sif Muna.
   223 | D        | Found a bloodstained altar of Trog.
   224 | D        | Found a hide-covered altar of Uskayaw.
   225 | D        | Found a radiant altar of Vehumet.
   226 | D        | Found an ornate altar of the Wu Jian Council.
   227 | D        | Became a worshipper of Warmaster Okawaru
   227 | D        | Reached * piety under Okawaru
   227 | D        | Reached ** piety under Okawaru
   228 | D        | Found a shimmering altar of Xom.
   229 | D        | Found a basalt altar of Yredelemnul.
   230 | D        | Found a glowing silver altar of Zin.
   231 | D        | Found a glowing golden altar of the Shining One.
   503 | D        | Noticed an orc warrior
   503 | D        | Noticed a big kobold
   512 | D        | Killed an orc warrior
   513 | D        | Reached skill level 7 in Polearms
   513 | D        | Reached XP level 5. HP: 24/47 MP: 2/5
   519 | D        | Killed a big kobold
   520 | D        | Reached skill level 8 in Polearms
   520 | D        | Reached skill level 1 in Armour
   520 | D        | Reached XP level 6. HP: 27/55 MP: 3/6
   682 | D        | Noticed an orc warrior
   682 | D        | Noticed a manticore
   682 | D        | Noticed a gargoyle
   691 | D        | Killed an orc warrior
  1040 | D        | Mangled by a manticore

Illustrated notes

Levels and vault maps discovered:
D:        linesprint [early_d, line_temple, items_1, d_10, items_2, lair_1,
          lair_end, items_3, orc_1, orc_end, items_4, d_15, swamp_1, shoals_1,
          snake_1, spider_1, d_20, vaults_1, items_5, swamp_end, shoals_end,
          snake_end, spider_end, vaults_end, d_27, items_6, zot_1, zot_end,
          crypt_end, forest_end, elf_end, slime_end, tomb_end, abyss_end,
          pan_hell_end]

Skill      XL: |  1  2  3  4  5  6 |
---------------+-------------------+-----
Fighting       | 4 6 7 |  7.3
Polearms       | 4 5 7 8 |  8.9
Dodging        | 4 5 6 |  6.4
Stealth        | 3 4 |  4.8
Armour         | 1 2 |  2.0
Evocations     | |  0.2

Action                   |  1- 3 |  4- 6 || total
-------------------------+-------+-------++-------
Melee: Spear             |    29 |    21 ||    50
       Halberd           |       |    36 ||    36
Invok: Heroism           |       |     1 ||     1
Evoke: Wand              |       |     2 ||     2
  Use: Potion            |     1 |     1 ||     2
 Stab: Sleeping          |     1 |       ||     1
       Invisible         |       |     5 ||     5
Armor: Robe              |     3 |       ||     3
       Chain mail        |       |    16 ||    16
Dodge: Dodged            |    10 |    31 ||    41

Table legend: (Time is in decaauts)
 A = Elapsed time spent in this place.
 B = Non-inter-level travel time spent in this place.
 C = Inter-level travel time spent in this place.
 D = Time resting spent in this place.
 E = Time spent auto-exploring this place.
 F = Levels seen in this place.
 G = Mean time per level.
                   A        B        C        D        E       F      G
               +--------+--------+--------+--------+--------+-----+--------+
         Total |   1043 |   1043 |      0 |    842 |      3 |   1 | 1043.0 |
       Dungeon |   1043 |   1043 |      0 |    842 |      3 |   1 | 1043.0 |
               +--------+--------+--------+--------+--------+-----+--------+

Top non-repeatable levels by time:
       D: 1043 daAuts
